 Dungeon Crawl Stone Soup version 0.29.1-15-g9cfb28693d (webtiles) character file.

Game seed: 8836366357099110226

510 Eitelfritz the Slasher (level 6, -4/53 HPs)
             Began as a Minotaur Gladiator on May 1, 2023.
             Killed by divine providence
             ... invoked by an orc priest
              (15 damage)
             ... on level 4 of the Dungeon.
             The game lasted 00:05:01 (3771 turns).

Eitelfritz the Slasher (Minotaur Gladiator)         Turns: 3771, Time: 00:05:02

Health: -4/53      AC:  3    Str: 18    XL:     6   Next: 98%
Magic:  5/5        EV: 13    Int:  7    God:
Gold:   143        SH:  0    Dex: 12    Spells: 5/5 levels left

rFire   . . .      SeeInvis .   a - +0 long sword
rCold   . . .      Faith    .   (no shield)
rNeg    . . .      Spirit   .   q - +0 leather armour
rPois   .          Reflect  .   c - +0 hat
rElec   .          Harm     .   (no cloak)
rCorr   .          Rampage  .   (no gloves)
Will    .....                   (no boots)
Stlth   +.........              (no amulet)
HPRegen 0.17/turn               (no ring)
MPRegen 0.09/turn               (no ring)

@: about to teleport
A: horns 2, retaliatory headbutt
a: no special abilities


You were on level 4 of the Dungeon.
You visited 1 branch of the dungeon, and saw 4 of its levels.

You collected 143 gold pieces.

Inventory:

Hand Weapons
 a - a +0 long sword (weapon)
 b - a +0 sling
Missiles
 d - 2 throwing nets (quivered)
 e - a javelin
Armour
 c - a +0 hat (worn)
 q - a +0 leather armour (worn)
Jewellery
 r - an amulet of faith
Wands
 o - a wand of iceblast (9)
 x - a wand of digging (4)
Scrolls
 j - 2 scrolls of teleportation
 l - a scroll of torment {unknown}
 s - a scroll of poison
Potions
 f - 2 potions of resistance
 g - 2 potions of lignification
 h - 2 potions of heal wounds
 i - a potion of cancellation {unknown}
 k - a potion of attraction {unknown}
 m - a potion of berserk rage {unknown}
 n - 2 potions of curing
 p - 2 potions of brilliance
 u - a potion of flight {unknown}


   Skills:
 + Level 4.4 Fighting
 + Level 6.3 Long Blades
 + Level 2.2 Throwing
 + Level 3.9 Armour
 + Level 4.5 Dodging
 + Level 1.1 Stealth


You had 5 spell levels left.
You didn't know any spells.
Your spell library contained the following spells:

 Spells                   Type           Power      Damage    Failure   Level
 Sublimation of Blood     Necr           0%         N/A       63%         2
 Petrify                  Tmut/Erth      0%         N/A       99%         4
 Irradiate                Conj/Tmut      0%         3d11      100%        5


Dungeon Overview and Level Annotations

Branches:
Dungeon (4/15)
 Temple: D:4-7

Altars:


Innate Abilities, Weirdness & Mutations

You have a pair of horns on your head.
You reflexively headbutt those who attack you in melee.


Message History

An orc comes into view. It is wielding a +0 club.
The orc shouts!
You hear a shout! x2
An orc comes into view. It is wielding a +0 club.
The orc moves out of view.
You hear a shout!
You slash the orc!
You kill the orc!
You hear a shout!
The lemure attacks as you move away! The lemure misses you.
A giant cockroach comes into view.
An orc priest comes into view. It is wielding a +0 flail.
The giant cockroach moves out of view.
Things that are here:
a +0 dagger; an orc corpse You hit the orc.
The orc is heavily wounded.
The lemure hits you but does no damage.
You closely miss the orc. Your headbutt misses the orc.
The orc is heavily wounded.
The orc priest looks braver for a moment.
The orc misses you. You furiously retaliate!
You headbutt the orc, but do no damage. The lemure hits you but does no damage.
You hit the orc.
You kill the orc!
The lemure hits you but does no damage.
You closely miss the giant cockroach.
Your headbutt misses the giant cockroach.
The giant cockroach misses you. You furiously retaliate!
You headbutt the giant cockroach!
You kill the giant cockroach!
An orc wizard comes into view. It is wielding a +2 antimagic dagger.
The lemure hits you.
* * * LOW HITPOINT WARNING * * *
Okay, then.
As you read the scroll of teleportation, it crumbles to dust.
You feel strangely unstable. The lemure barely misses you.
The orc wizard hits you but does no damage.
The orc priest calls down the wrath of Beogh upon you.
Beogh smites you!
You die...

#........#
######.######.#
.......†.# #.#
######.#.# #># ##
#.#.# #.# .. #.#.#
#.# .# #. #.#.# #.#
.# #. #.#.#
#.###o###.# #. #<#.#
#.#o@.....# #. #.#.#
#.#)#o##### #. ..#
#.#5#... #. ####
#.#5################.
#.#....5.............
#.########...#######.
#..................>.
##########)..########
.............#


You could see 2 lemures, an orc priest, an orc wizard and an orc.

Vanquished Creatures
  Grinder (D:3)
  Sigmund (D:3)
  2 lemures (D:4)
  A hound (D:4)
  4 adders
  2 dart slugs (D:3)
  3 orcs
  4 ball pythons
  5 endoplasms
  4 giant cockroaches
  7 goblins
  3 hobgoblins (D:1)
  3 kobolds
  2 quokkas (D:1)
  8 bats
  A frilled lizard (D:1)
  6 rats
  2 toadstools (D:1)
59 creatures vanquished.

Vanquished Creatures (others)
  2 toadstools (D:1)
2 creatures vanquished.

Grand Total: 61 creatures vanquished

Notes
Turn   | Place    | Note
-------+----------+-------------------------------------------
     0 | D:1      | Eitelfritz the Minotaur Gladiator began the quest for the
                  | Orb.
     0 | D:1      | Reached XP level 1. HP: 18/18 MP: 0/0
   182 | D:1      | Reached skill level 4 in Long Blades
   182 | D:1      | Reached XP level 2. HP: 25/25 MP: 1/1
   987 | D:2      | Reached skill level 1 in Armour
   987 | D:2      | Reached XP level 3. HP: 15/30 MP: 2/2
  2055 | D:3      | Noticed Grinder
  2061 | D:3      | Paralysed by Grinder for 5 turns
  2154 | D:3      | Reached XP level 4. HP: 38/38 MP: 3/3
  2457 | D:3      | Paralysed by Grinder for 4 turns
  2458 | D:3      | HP: 1/38 [Grinder (1)]
  2462 | D:3      | Killed Grinder
  2463 | D:3      | Reached skill level 5 in Long Blades
  2463 | D:3      | Reached XP level 5. HP: 10/46 MP: 4/4
  2463 | D:3      | Reached XP level 6. HP: 11/52 MP: 5/5
  3037 | D:3      | Noticed Sigmund
  3046 | D:3      | Killed Sigmund
  3047 | D:3      | Reached skill level 6 in Long Blades
  3047 | D:3      | Reached skill level 1 in Stealth
  3771 | D:4      | Killed from afar by an orc priest

Illustrated notes

Levels and vault maps discovered:
D:1:      ldierk_water_garden, layout_loops_cross
D:2:      layout_basic, hangedman_decor_points, minmay_unequal
D:3:      layout_loops_corners, serial_co_window_serial, co_window_corner_a,
          co_window_corner_a, co_window_corner_a, co_window_paths_a,
          co_window_paths_a, co_window_broadway_a, co_window_of_opportunity_b,
          co_window_corner_cb, co_window_of_opportunity_c, co_window_4corner_a,
          co_window_4corner_b, glass_columns_c, glass_columns_b,
          glass_columns_a, glass_columns_a, glass_columns_b, uniq_grinder,
          uniq_sigmund
D:4:      layout_basic, uniq_pikel, uniq_edmund

Skill      XL: |  1  2  3  4  5  6 |
---------------+-------------------+-----
Long Blades    | 4 5 6 |  6.3
Armour         | 1 3 |  3.9
Fighting       | 3 4 |  4.4
Dodging        | 4 |  4.5
Stealth        | 1 |  1.1
Throwing       | |  2.2

Action                   |  1- 3 |  4- 6 || total
-------------------------+-------+-------++-------
Melee: Long sword        |    90 |    51 ||   141
       Headbutt          |    11 |    17 ||    28
       Punch             |     1 |     1 ||     2
Throw: Throwing net      |       |     1 ||     1
  Use: Scroll            |     1 |    13 ||    14
       Potion            |       |     1 ||     1
 Stab: Held in net/web   |       |     2 ||     2
Armor: Leather armour    |    26 |    14 ||    40
Dodge: Dodged            |    80 |    29 ||   109
